AoeStats
← DaTuRa

Arena

510370842Analyzed
4v4 RM · 2d ago on Sep 30, 2026· 46m 17s· 8 players
Game mode
Random Map
Map size
Large (8 player)
Population
200
Speed
Normal
Resources
Standard
Victory
Conquest
Starting age
Dark Age
Ending age
Imperial Age
RankedLock teamsTeams togetherTeam positionsShared explorationLock speedFull tech treeHidden civsTurbo modeCheats
Victory
Defeat
🇹🇷 Mongols · Türkiye
1483
+12
🇹🇷 Byzantines · Türkiye
1457
+13
🇹🇷 Khmer · Türkiye
1393
+15
🇹🇷 Goths · Türkiye
1353
+17
🇺🇸 Saxons · United States
1405
-15
🇫🇷 Poles · France
1393
-15
🇨🇳 Koreans · China
1379
-14
🇺🇸 Britons · United States
1362
-13
JOK3R_LSR
9:59 Feudal Age
14:25 Castle Age
12:11 Double-Bit Axe
19:23 Wheelbarrow
19:03 Bow Saw
21:11 Hand Cart
20:43 Horse Collar
21:36 Stone Mining
21:37 Gold Mining
23:47 Scale Barding Armor
24:50 Forging
27:54 Imperial Age
26:38 Bloodlines
26:28 Husbandry
26:50 Chain Barding Armor
26:39 Szlachta Privileges
27:47 Iron Casting
28:23 Cavalier
30:05 Blast Furnace
31:45 Scale Mail Armor
32:12 Light Cavalry
33:12 Heavy Plow
35:36 Chain Mail Armor
36:02 Winged Hussar
36:56 Fletching
38:23 Plate Mail Armor
39:58 Fortified Wall
40:10 Ballistics
Thor Odinson
11:07 Feudal Age
11:53 Double-Bit Axe
11:52 Horse Collar
15:30 Castle Age
16:50 Heavy Plow
17:45 Bow Saw
18:37 Loom
21:19 Elite Skirmisher
22:28 Scale Mail Armor
25:09 Wheelbarrow
26:14 Thumb Ring
28:07 Hand Cart
27:38 Town Watch
28:11 Fletching
28:25 Padded Archer Armor
30:31 Bodkin Arrow
30:50 Pikeman
32:10 Leather Archer Armor
31:56 Pikeman
32:57 Chain Mail Armor
32:52 Forging
33:13 Squires
32:59 Arson
40:32 Imperial Age
40:19 Iron Casting
45:07 Two-Man Saw
WILL_THE_AVERAGE
10:35 Feudal Age
14:28 Castle Age
12:50 Double-Bit Axe
12:45 Horse Collar
14:29 Gold Mining
15:46 Bow Saw
15:37 Heavy Plow
19:27 Loom
21:28 Town Watch
24:24 Wheelbarrow
28:05 Imperial Age
26:26 Fletching
26:36 Padded Archer Armor
26:32 Crossbowman
27:14 Bodkin Arrow
28:24 Hand Cart
30:06 Chemistry
29:14 Bracer
30:13 Arbalester
30:19 Arbalester
32:04 Leather Archer Armor
31:50 Scale Mail Armor
32:00 Forging
31:46 Man-at-Arms
32:12 Gambesons
32:27 Squires
32:14 Arson
32:29 Long Swordsman
33:37 Warwolf
33:57 Conscription
34:13 Two-Handed Swordsman
35:22 Champion
36:34 Chain Mail Armor
36:54 Iron Casting
37:57 Iron Casting
37:55 Plate Mail Armor
38:00 Iron Casting
39:44 Gold Shaft Mining
38:59 Stone Mining
39:28 Pikeman
39:57 Pikeman
40:28 Halberdier
43:19 Blast Furnace
46:08 Ring Archer Armor
45:21 Elite Skirmisher
木棉求败
10:58 Feudal Age
9:14 Loom
15:10 Castle Age
16:03 Double-Bit Axe
18:41 Fletching
26:43 Horse Collar
27:58 Bow Saw
31:35 Bodkin Arrow
32:53 Heavy Plow
34:07 Stone Mining
34:32 Gold Mining
42:15 Imperial Age
41:49 Scale Mail Armor
42:14 Squires
41:44 Pikeman
43:14 Chain Mail Armor
43:10 Forging
42:36 Elite Fire Lancer
44:45 Two-Man Saw
45:42 Plate Mail Armor
45:49 Iron Casting
46:51 Wheelbarrow
livulove
8:06 Feudal Age
12:15 Castle Age
10:51 Double-Bit Axe
11:39 Horse Collar
19:57 Bow Saw
21:25 Wheelbarrow
21:33 Heavy Plow
22:43 Hand Cart
24:13 Fletching
25:11 Bodkin Arrow
28:07 Imperial Age
26:10 Padded Archer Armor
27:07 Leather Archer Armor
26:48 Gold Mining
26:59 Town Watch
27:02 Loom
27:43 Ballistics
29:11 Conscription
28:55 Bracer
29:59 Chemistry
30:00 Parthian Tactics
30:44 Elite Mangudai
31:40 Bloodlines
31:30 Husbandry
32:11 Thumb Ring
35:04 Gold Shaft Mining
34:20 Stone Mining
36:32 Conscription
38:10 Siege Engineers
39:16 Coinage
39:44 Masonry
41:11 Banking
42:56 Hoardings
DaTuRa
9:15 Feudal Age
13:38 Castle Age
17:07 Loom
18:40 Double-Bit Axe
18:35 Horse Collar
20:15 Bow Saw
23:20 Wheelbarrow
26:51 Imperial Age
24:59 Squires
24:47 Gambesons
24:31 Pikeman
24:58 Gambesons
26:10 Scale Mail Armor
26:21 Forging
26:52 Capped Ram
28:28 Conscription
29:25 Chain Mail Armor
30:02 Iron Casting
30:29 Fletching
31:04 Padded Archer Armor
32:09 Bodkin Arrow
33:21 Elite Skirmisher
34:18 Leather Archer Armor
35:13 Bracer
35:36 Ballistics
37:39 Ring Archer Armor
38:27 Chemistry
37:57 Siege Ram
BLACK EAGLE
11:02 Feudal Age
11:07 Feudal Age
14:27 Castle Age
12:13 Double-Bit Axe
12:09 Horse Collar
17:42 Heavy Plow
23:14 Loom
24:13 Wheelbarrow
23:27 Loom
24:16 Town Watch
24:59 Gold Mining
25:18 Scale Barding Armor
25:41 Hand Cart
25:27 Town Patrol
26:11 Husbandry
26:22 Bloodlines
26:39 Bow Saw
27:07 Chain Barding Armor
26:58 Forging
27:40 Tusk Swords
28:30 Gold Shaft Mining
32:53 Imperial Age
32:26 Iron Casting
33:03 Elite Battle Elephant
34:36 Plate Barding Armor
35:09 Blast Furnace
Ramci
11:30 Feudal Age
12:35 Double-Bit Axe
15:31 Castle Age
13:20 Horse Collar
16:27 Bow Saw
18:56 Wheelbarrow
22:33 Fletching
22:31 Loom
34:30 Forging
34:49 Scale Mail Armor
37:10 Heavy Plow
39:44 Pikeman
40:42 Chain Mail Armor
42:57 Iron Casting
48:04 Imperial Age
Connection lost

Rejoining the realm…

Still unreachable

The connection could not be restored.

Session expired

The server has moved on; the page needs a fresh start.